 Dungeon Crawl Stone Soup version 0.20.1-1-g8b1a95d (webtiles) character file.

10230 Dickchan the Covert (level 11, -1/68 HPs)
             Began as a Vampire Enchanter on July 7, 2017.
             Was an Elder of Dithmenos.
             Killed from afar by a wizard (32 damage)
             ... with a bolt of lightning
             ... on level 10 of the Dungeon on July 8, 2017.
             The game lasted 00:30:25 (9185 turns).

Dickchan the Covert (Vampire Enchanter)             Turns: 9185, Time: 00:30:25

Health: -1/68      AC:  4    Str:  7    XL:     11   Next: 33%
Magic:  7/14       EV: 16    Int: 21    God:    Dithmenos [****..]
Gold:   495        SH:  0    Dex: 15    Spells: 6/14 levels left

rFire    + + .     SeeInvis +   x - +3 dagger (elec)
rCold    + . .     Gourm    .   (no shield)
rNeg     + . .     Faith    +   b - +0 robe
rPois    .         Spirit   .   j - +0 helmet
rElec    .         Reflect  .   (no cloak)
rCorr    .         Harm     .   u - +0 pair of gloves
MR       +....     Rnd*Rage +   (no boots)
Stlth    ++++++++..             n - amulet of faith
Regen    0.3/turn               y - +3 ring of evasion
MPRegen  0.2/turn               f - ring of protection from fire

@: wreathed by umbra
A: fangs 3, see invisible, berserk 1, cold resistance 1, fire resistance 1,
unbreathing
a: Bat Form, Shadow Step, Renounce Religion


You were on level 10 of the Dungeon.
You worshipped Dithmenos.
Dithmenos was greatly pleased with you.
You were not thirsty.

You visited 2 branches of the dungeon, and saw 11 of its levels.

You collected 495 gold pieces.

Inventory:

Hand Weapons
 a - a +1 dagger
 h - a +2 dagger of venom
 q - a +2 dagger of speed
 x - a +3 dagger of electrocution (weapon)
 D - a +2 rapier of freezing
Armour
 b - a +0 robe (worn)
 j - a +0 helmet (worn)
 s - a +0 leather armour of poison resistance
 u - a +0 pair of gloves (worn)
Jewellery
 f - a ring of protection from fire (right hand)
 g - an uncursed amulet of regeneration
 n - an amulet of faith (around neck)
 t - an uncursed amulet of harm
 y - a +3 ring of evasion (left hand)
Wands
 d - a wand of random effects (48/48)
 w - a wand of confusion (18/48)
Scrolls
 e - 3 scrolls of remove curse
 i - a scroll of fog
 k - 9 scrolls of magic mapping
 l - 2 scrolls of recharging
 o - 5 scrolls of teleportation
 p - a scroll of enchant weapon
 v - 6 scrolls of identify
Potions
 m - a potion of ambrosia {unknown}
 r - 2 potions of lignification
 A - 3 potions of curing
 B - 5 potions of blood
 C - a potion of degeneration {unknown}
 E - 3 potions of haste
 F - 2 potions of flight
 G - a potion of brilliance
Books
 c - a book of Maledictions

   Spells                             Type                      Level
   a - Corona                         Hexes                        1
   b - Ensorcelled Hibernation        Hexes/Ice                    2
   c - Confuse                        Hexes                        3
   d - Tukima's Dance                 Hexes                        3
   e - Dazzling Spray                 Conjuration/Hexes            3
 z - a book of Enchantments

   Spells                             Type                      Level
   a - Cause Fear                     Hexes                        4
   b - Yara's Violent Unravelling     Hexes/Transmutation          5
   c - Silence                        Hexes/Air                    5
   d - Deflect Missiles               Charms/Air                   6
   e - Discord                        Hexes                        8


   Skills:
 * Level 13.6 Short Blades
 - Level 2.1 Dodging
 + Level 13.8 Stealth
 - Level 2.0 Spellcasting
 + Level 12.8 Hexes


You had 6 spell levels left.
You knew the following spells:

 Your Spells              Type           Power        Failure   Level  Hunger
a - Ensorcelled Hibernat  Hex/Ice        ####..       1%          2    ##.....
c - Tukima's Dance        Hex            ######..     1%          3    ###....
d - Dazzling Spray        Conj/Hex       ####..       3%          3    ###....


Dungeon Overview and Level Annotations

Branches:
Dungeon (10/15)            Temple (1/1) D:4
   Lair: D:8-11         Orc: D:9-12

Altars:
Dithmenos
Fedhas
Gozag
Makhleb
Nemelex Xobeh
Qazlal
Ru
Vehumet
Yredelemnul
The Shining One

Shops:
D:8 %

Annotations:
D:5 CInkIbrahim's ghost, novice OpGl


Innate Abilities, Weirdness & Mutations

You have razor-sharp teeth.
You have supernaturally acute eyesight. (SInv)
You can survive without breathing.
You tend to lose your temper in combat.
Your flesh is cold resistant. (rC+)
Your flesh is heat resistant. (rF+)


Message History

The wizard shouts!
The wight hits you with a hand axe.
Casting: Tukima's Dance
Confirm with . or Enter, or press ? or * to list all spells.
Aiming: Dazzling Spray
Press: ? - help, Shift-Dir - straight line, f - wight
Aim: a wight, wielding a hand axe and wearing a glowing robe (umbra)
The spray of energy hits the wight.
The wight is heavily damaged.
The spray of energy hits the wizard.
The wizard is lightly wounded.
The wizard is dazzled.
The wight hits you with a hand axe!
You hit the wizard but do no damage.
The wizard is lightly wounded.
You hit the wizard.
The wizard is moderately wounded.
The wight hits you but does no damage.
The wizard points at you and mumbles some strange words.
The bolt of lightning hits you! x2
You die...

#.....######..).##...)
#....##....##....##...
#...##......##...§##..
#..##........##[§§§##.
####....##...)##)§§§##
#^.##..§§##....§§.§##.
#...##§.§§##......##§.
#...z##§§§§##....##§§§
#....@##).§§######§§§§
#..%p..[.§§# ##§§§
#.......§.## ##§§
#.##.....## ##§ #
##(.(## ## ##### #


You could see a wizard (blind) and a wight.

Vanquished Creatures
  A two-headed ogre (D:10)
  8 wizards (D:10)
  Joseph (D:7)
  A hornet (D:9)
  3 hippogriffs
  Sigmund (D:3)
  5 yaks (D:10)
  A vampire (D:10)
  A basilisk (D:9)
  2 water moccasins (D:7)
  4 ice beasts
  Duvessa (D:7)
  An orc warrior (D:9)
  3 black bears
  A sky beast (D:9)
  A necrophage (D:9)
  An eye of draining (D:8)
  An ogre (D:8)
  4 bullfrogs
  2 scorpions
  2 water moccasin skeletons
  Dowan (D:7)
  3 wights (D:10)
  A howler monkey (D:4)
  A bullfrog zombie (D:6)
  4 crimson imps
  2 centaur zombies
  2 jellies
  2 hounds
  An orc priest (D:7)
  2 bullfrog skeletons
  An iguana (D:9)
  8 orc wizards
  Jessica (D:3)
  Ijyb (D:3)
  7 worker ants
  A hound zombie (D:5)
  A hound skeleton (D:5)
  A worker ant zombie (D:5)
  Robin (D:1)
  8 gnolls
  12 adders
  2 shadow imps
  An ooze (D:2)
  An adder zombie (D:2)
  6 worms
  A dart slug (D:1)
  7 leopard geckos
  24 orcs
  13 bats
  2 bat skeletons (D:2)
  3 giant cockroaches
  11 goblins
  18 hobgoblins
  14 jackals
  6 quokkas
  A ball python zombie (D:6)
  2 frilled lizards (D:4)
  2 giant cockroach zombies (D:2)
  A jackal skeleton (D:2)
  10 kobolds
  A leopard gecko skeleton (D:2)
  A leopard gecko zombie (D:2)
  12 rats
245 creatures vanquished.

Vanquished Creatures (collateral kills)
  A wight (D:10)
1 creature vanquished.

Grand Total: 246 creatures vanquished

Notes
Turn   | Place    | Note
-------+----------+-------------------------------------------
     0 | D:1      | Dickchan the Vampire Enchanter began the quest for the Orb.
     0 | D:1      | Reached XP level 1. HP: 13/13 MP: 3/3
    57 | D:1      | Reached XP level 2. HP: 1/19 MP: 1/5
   615 | D:1      | Learned a level 2 spell: Ensorcelled Hibernation
   684 | D:1      | Reached XP level 3. HP: 14/24 MP: 1/6
   835 | D:1      | Reached skill level 5 in Stealth
   873 | D:1      | Reached skill level 5 in Hexes
  1196 | D:2      | Noticed Robin
  1275 | D:1      | Killed Robin
  1279 | D:1      | HP: 1/24 [poisoned by Robin]
  1463 | D:2      | Reached XP level 4. HP: 26/30 MP: 7/7
  1472 | D:2      | Learned a level 3 spell: Tukima's Dance
  2122 | D:3      | Noticed Sigmund
  2130 | D:3      | Killed Sigmund
  2130 | D:3      | Reached skill level 5 in Short Blades
  2130 | D:3      | Reached XP level 5. HP: 35/35 MP: 8/8
  2130 | D:3      | Reached XP level 6. HP: 41/41 MP: 9/9
  2161 | D:3      | Noticed Jessica
  2166 | D:3      | Killed Jessica
  2439 | D:3      | Noticed Ijyb
  2444 | D:3      | Killed Ijyb
  3169 | D:4      | Found a staircase to the Ecumenical Temple.
  3221 | Temple   | Entered the Ecumenical Temple
  3228 | Temple   | Became a worshipper of Dithmenos the Shadowed
  3334 | D:4      | Reached XP level 7. HP: 45/46 MP: 6/10
  3722 | D:5      | Entered Level 5 of the Dungeon
  3859 | D:5      | Noticed CInkIbrahim's ghost (novice OpGl)
  3964 | D:5      | Learned a level 3 spell: Dazzling Spray
  4134 | D:5      | Reached * piety under Dithmenos
  4651 | D:6      | Reached XP level 8. HP: 52/52 MP: 8/11
  5113 | D:6      | Found a sacrificial altar of Ru.
  5598 | D:7      | Reached ** piety under Dithmenos
  5772 | D:7      | Noticed Duvessa
  5777 | D:7      | Noticed Dowan
  5783 | D:7      | Killed Dowan
  6103 | D:7      | Killed Duvessa
  6230 | D:7      | Noticed Joseph
  6237 | D:7      | Killed Joseph
  6237 | D:7      | Reached XP level 9. HP: 50/57 MP: 12/12
  6511 | D:7      | Reached skill level 10 in Stealth
  6753 | D:7      | Gained mutation: Your flesh is heat resistant. (rF+) [potion of mutation]
  6753 | D:7      | Gained mutation: You tend to lose your temper in combat. [potion of mutation]
  6753 | D:7      | Gained mutation: Your flesh is cold resistant. (rC+) [potion of mutation]
  6778 | D:7      | Reached skill level 10 in Short Blades
  6778 | D:7      | Reached skill level 10 in Hexes
  7001 | D:8      | Found Innosed's Food Emporium.
  7608 | D:9      | Reached *** piety under Dithmenos
  7900 | D:9      | Reached XP level 10. HP: 29/63 MP: 4/13
  8542 | D:10     | Entered Level 10 of the Dungeon
  8542 | D:10     | Noticed a two-headed ogre
  8549 | D:10     | Killed a two-headed ogre
  8666 | D:10     | Noticed a wizard
  8671 | D:10     | Noticed a wizard
  8673 | D:10     | Killed a wizard
  8676 | D:10     | Noticed a wizard
  8685 | D:10     | Killed a wizard
  8686 | D:10     | Noticed a wizard
  8692 | D:10     | Killed a wizard
  8703 | D:10     | Noticed a wizard
  8706 | D:10     | Killed a wizard
  8706 | D:10     | Reached XP level 11. HP: 32/68 MP: 7/14
  8711 | D:10     | Killed a wizard
  8999 | D:10     | Noticed a wizard
  9054 | D:10     | Killed a wizard
  9058 | D:10     | Noticed a wizard
  9070 | D:10     | Killed a wizard
  9116 | D:10     | Reached **** piety under Dithmenos
  9125 | D:10     | Noticed a wizard
  9145 | D:10     | Killed a wizard
  9180 | D:10     | Noticed a wizard
  9185 | D:10     | Killed from afar by a wizard

Skill      XL: |  1  2  3  4  5  6  7  8  9 10 |
---------------+-------------------------------+-----
Short Blades   | 2 3 5 7 9 11 13 | 13.6
Stealth        | 5 6 7 8 9 11 13 | 13.8
Hexes          | 5 6 7 9 10 12 | 12.8
Dodging        | |  2.1
Spellcasting   | |  2.0

Action                   |  1- 3 |  4- 6 |  7- 9 | 10-12 || total
-------------------------+-------+-------+-------+-------++-------
Melee: Dagger            |   133 |   223 |   290 |   101 ||   747
       Bite              |     8 |    17 |    21 |     5 ||    51
       Rapier            |       |       |     1 |       ||     1
 Cast: Corona            |     5 |       |       |       ||     5
       Ensorcelled Hiber |    10 |    19 |    35 |    14 ||    78
       Dazzling Spray    |       |       |     7 |     6 ||    13
       Tukima's Dance    |       |       |       |     2 ||     2
 Abil: End Transformatio |       |       |     4 |     1 ||     5
       Bat Form          |       |       |     4 |     1 ||     5
  Use: Potion            |     2 |       |     8 |     1 ||    11
       Scroll            |       |       |    10 |     2 ||    12
 Stab: Sleeping          |    12 |    29 |    42 |    16 ||    99
       Invisible         |       |       |     5 |     2 ||     7
       Distracted        |       |       |     1 |     1 ||     2
  Eat: Corpse            |     7 |     5 |    11 |     6 ||    29
Armor: Robe              |    41 |    28 |    27 |     9 ||   105
Dodge: Dodged            |   117 |    88 |   157 |    42 ||   404
